 Dungeon Crawl Stone Soup version 0.31.0-9-g3a7656b989 (webtiles) character file.

Game seed: 3915640059979464973

608 qw the Ducker (level 7, -1/35 HPs)
             Began as a Spriggan Hunter on Feb 2, 2024.
             Succumbed to Duvessa's poison
             ... on level 4 of the Dungeon.
             The game lasted 00:00:09 (2729 turns).

qw the Ducker (Spriggan Hunter)                     Turns: 2729, Time: 00:00:10

Health: -1/35      AC:  2    Str:  7    XL:     7   Next: 19%
Magic:  8/8        EV: 22    Int: 11    God:
Gold:   202        SH:  0    Dex: 20    Spells: 6/6 levels left

rFire   . . .        a - +0 shortbow
rCold   . . .        (shield currently unavailable)
rNeg    . . .        c - +0 robe
rPois   .            (helmet restricted)
rElec   .            (no cloak)
rCorr   +            (gloves unavailable)
SInv    +            (boots unavailable)
Will    +....        f - amulet of regeneration
Stlth   ++           i - ring of resist corrosion
HPRegen 1.05/turn    (no ring)
MPRegen 0.11/turn

%: no passive effects
@: lethally poisoned (-1 -> -13), about to teleport, very quick
A: very small, no large weapons, unfitting armour, see invisible, speed 3
a: no special abilities


You were on level 4 of the Dungeon.
You visited 1 branch of the dungeon, and saw 4 of its levels.

You collected 202 gold pieces.


Innate Abilities, Weirdness & Mutations

You are very small and have problems with some larger weapons.
You are too small for most types of armour.
You have supernaturally acute eyesight. (SInv)
You cover ground extremely quickly. (Speed+++)


   Skills:
 - Level 2.1 Fighting
 + Level 6.7 Ranged Weapons
 - Level 7.4 Dodging
 - Level 1.5 Stealth


You had 6 spell levels left.
You didn't know any spells.
Your spell library was empty.

Inventory:

Hand Weapons
 a - a +0 shortbow (weapon)
Armour
 c - a +0 robe (worn)
Jewellery
 f - an amulet of regeneration (around neck)
 i - a ring of resist corrosion (left hand)
Scrolls
 g - a scroll of teleportation
Potions
 e - a potion of lignification {unknown}
 j - a potion of mutation {unknown}
 k - 4 potions of curing

Dungeon Overview and Level Annotations

Branches:
Dungeon (4/15)
 Temple: D:4-7

Altars:

Annotations:
D:4 Dowan, Duvessa


Message History

Dowan gestures at you while chanting. You resist with almost no effort.
Duvessa shouts!
You shoot an arrow. The arrow hits Dowan!
Dowan is heavily wounded.
Dowan gestures at you while chanting. You resist with almost no effort.
You shoot an arrow. The arrow hits Duvessa.
Duvessa is lightly wounded.
Dowan gestures at Duvessa while chanting.
Duvessa seems to speed up.
You shoot an arrow.
The arrow hits Duvessa but does no damage.
Duvessa is lightly wounded.
You shoot an arrow. The arrow closely misses Duvessa.
You shoot an arrow.
The arrow hits Duvessa but does no damage.
Duvessa is lightly wounded.
Duvessa hits you with a +2 rapier of venom.
Dowan gestures wildly while chanting.
Dowan blinks!
You shoot an arrow.
The arrow hits Duvessa but does no damage.
Duvessa is lightly wounded.
Duvessa hits you but does no damage.
You are poisoned.
Duvessa hits you with a +2 rapier of venom!
You are lethally poisoned!
You shoot an arrow. The arrow hits Duvessa.
Duvessa is moderately wounded.
You feel extremely sick.
Duvessa hits you with a +2 rapier of venom.
Duvessa misses you.
You shoot an arrow. The arrow barely misses Duvessa.
The arrow barely misses Dowan.
You feel extremely sick.
2729 ||| READING 2 scrolls of teleportation.
As you read the scroll of teleportation, it crumbles to dust.
You feel strangely unstable.
You die...

...# #..# .....
#..# ...... #..#
...... #..# # #
...... #..# ....
......####..#.....
.........@....e..
.####....#e.#.....
............# ...
.######.#....... .
# #.#######. # #.#
## #.# .# #.# .#
#.#


You could see Duvessa (fast) and Dowan.

Vanquished Creatures
  Grinder (D:4)
  Sigmund (D:4)
  An iguana (D:3)
  Natasha (twice) (D:2)
  2 orc wizards (D:3)
  4 adders
  A ribbon worm (D:2)
  3 orcs
  3 bats
  7 endoplasms
  4 giant cockroaches
  8 goblins
  9 hobgoblins
  6 jackals
  3 quokkas
  3 ball pythons
  5 frilled lizards
  5 kobolds (D:1)
  7 rats
75 creatures vanquished.

Notes
Turn   | Place    | Note
-------+----------+-------------------------------------------
     0 | D:1      | qw the Spriggan Hunter began the quest for the Orb.
     0 | D:1      | Reached XP level 1. HP: 10/10 MP: 2/2
     0 | D:1      | 0 ||| qw: Version: 0.3-a-155-g5e7d8dd
     0 | D:1      | 0 ||| qw: Game counter: 622
     0 | D:1      | 0 ||| qw: Melee chars always use a shield: true
     0 | D:1      | 0 ||| qw: God list: Okawaru
     0 | D:1      | 0 ||| qw: Allow faded altars: false
     0 | D:1      | 0 ||| qw: Do Orc after clearing Dungeon:15 true
     0 | D:1      | 0 ||| qw: Do second Lair branch before Depths: true
     0 | D:1      | 0 ||| qw: Lair rune preference: random
     0 | D:1      | 0 ||| qw: Goals: Normal
     0 | D:1      | 0 ||| PLANNING D:1-11
    47 | D:1      | Reached skill level 3 in Dodging
   128 | D:1      | Reached XP level 2. HP: 14/14 MP: 3/3
   170 | D:1      | Reached skill level 4 in Dodging
   479 | D:1      | Reached XP level 3. HP: 18/18 MP: 4/4
   704 | D:1      | 704 ||| UPGRADING to amulet of regeneration.
   709 | D:1      | 709 ||| UPGRADING to ring of resist corrosion.
   710 | D:1      | 710 ||| READING scroll labelled TESTROFU FIK.
   711 | D:1      | 711 ||| READING scroll labelled RENOOFYNED.
   712 | D:1      | 712 ||| READING 2 scrolls labelled RICLYC PAMON.
   717 | D:1      | 717 ||| READING scroll labelled GOJIKHI YREO.
   717 | D:1      | 717 ||| IDENTIFYING white potion
   718 | D:1      | 718 ||| DRINKING 2 sapphire potions.
   719 | D:1      | 719 ||| DROPPING scroll of butterflies.
   720 | D:1      | 720 ||| DROPPING potion of brilliance.
   861 | D:2      | Identified the +0 leather armour of the Furrier {rPois
                  | Stlth+}
   947 | D:2      | Found a faded altar of an unknown god.
  1031 | D:2      | Noticed Natasha
  1037 | D:2      | Killed Natasha
  1038 | D:2      | Reached XP level 4. HP: 22/22 MP: 5/5
  1194 | D:2      | Noticed Natasha
  1196 | D:2      | Killed Natasha
  1197 | D:2      | Reached skill level 5 in Dodging
  1231 | D:2      | 1231 ||| READING scroll of identify.
  1231 | D:2      | 1231 ||| IDENTIFYING puce potion
  1232 | D:2      | 1232 ||| DRINKING 2 bubbling dark potions.
  1233 | D:2      | 1233 ||| FLEEEEING.
  1234 | D:2      | 1234 ||| FLEEEEING.
  1235 | D:2      | 1235 ||| FLEEEEING.
  1236 | D:2      | 1236 ||| FLEEEEING.
  1237 | D:2      | 1237 ||| FLEEEEING.
  1238 | D:2      | 1238 ||| FLEEEEING.
  1239 | D:2      | 1239 ||| FLEEEEING.
  1240 | D:2      | 1240 ||| FLEEEEING.
  1241 | D:2      | 1241 ||| FLEEEEING.
  1242 | D:2      | 1242 ||| FLEEEEING.
  1243 | D:2      | 1243 ||| FLEEEEING.
  1244 | D:2      | 1244 ||| FLEEEEING.
  1245 | D:2      | 1245 ||| FLEEEEING.
  1246 | D:2      | 1246 ||| FLEEEEING.
  1247 | D:2      | 1247 ||| FLEEEEING.
  1248 | D:2      | 1248 ||| FLEEEEING.
  1249 | D:2      | 1249 ||| FLEEEEING.
  1250 | D:2      | 1250 ||| FLEEEEING.
  1251 | D:2      | 1251 ||| FLEEEEING.
  1252 | D:2      | 1252 ||| FLEEEEING.
  1253 | D:2      | 1253 ||| FLEEEEING.
  1254 | D:2      | 1254 ||| FLEEEEING.
  1255 | D:2      | 1255 ||| FLEEEEING.
  1256 | D:2      | 1256 ||| FLEEEEING.
  1257 | D:2      | 1257 ||| FLEEEEING.
  1258 | D:2      | 1258 ||| FLEEEEING.
  1259 | D:2      | 1259 ||| FLEEEEING.
  1260 | D:2      | 1260 ||| FLEEEEING.
  1261 | D:2      | 1261 ||| STAIRDANCE
  1363 | D:1      | 1363 ||| DROPPING potion of magic.
  1364 | D:1      | 1364 ||| DROPPING potion of berserk rage.
  1423 | D:3      | Reached XP level 5. HP: 14/26 MP: 6/6
  1655 | D:3      | Identified the +1 hand axe of Ehyonea {heavy, Str+3 Dex-2}
  2477 | D:3      | 2477 ||| DRINKING 2 fuming cyan potions.
  2478 | D:3      | 2478 ||| DRINKING 2 silvery potions.
  2479 | D:3      | 2479 ||| DROPPING potion of invisibility.
  2550 | D:4      | Noticed Sigmund
  2563 | D:4      | 2563 ||| DRINKING potion of haste.
  2570 | D:4      | Killed Sigmund
  2571 | D:4      | Reached skill level 6 in Ranged Weapons
  2571 | D:4      | Reached XP level 6. HP: 30/30 MP: 7/7
  2689 | D:4      | Noticed Grinder
  2708 | D:4      | Killed Grinder
  2709 | D:4      | Reached skill level 7 in Dodging
  2709 | D:4      | Reached XP level 7. HP: 29/35 MP: 8/8
  2719 | D:4      | Noticed Dowan
  2720 | D:4      | Noticed Duvessa
  2728 | D:4      | HP: 3/35 [poisoned by Duvessa]
  2729 | D:4      | 2729 ||| READING 2 scrolls of teleportation.
  2729 | D:4      | Succumbed to Duvessa's poison

Levels and vault maps discovered:
D:1:      reono_arrival_forest_river, layout_loops_ring, dk_noncrumbling_2
D:2:      layout_basic, hellmonk_ecumenical_altar_heavens_door, uniq_natasha
D:3:      layout_basic, minmay_misc_feat_four_crosses, kennysheep_donut,
          grunt_ministairs_14, grunt_decor_cap, chequers_serial_rivers_large_b
D:4:      layout_loops_ring, nicolae_ru_the_path_less_chosen, uniq_duvessa,
          uniq_sigmund, uniq_menkaure, uniq_grinder

Skill      XL: |  1  2  3  4  5  6 |
---------------+-------------------+-----
Dodging        | 3 4 5 7 |  7.4
Ranged Weapons | 5 6 |  6.7
Fighting       | 2 |  2.1
Stealth        | |  1.5

Action                     |  1- 3 |  4- 6 |  7- 9 || total
---------------------------+-------+-------+-------++-------
   Fire: Shortbow          |   140 |   108 |     9 ||   257
    Use: Scroll            |     4 |     1 |     1 ||     6
         Potion            |     1 |     4 |       ||     5
 Armour: Robe              |    12 |     6 |     4 ||    22
  Dodge: Dodged            |    47 |    30 |     1 ||    78

Table legend:
 A = Non-vault XP
 B = Vault XP
 C = Vault XP percentage of total XP
 D = Non-vault monster count
 E = Vault monster count
 F = Vault count percentage of total count
                 A         B        C        D         E       F
            +---------+---------+-------+---------+---------+-------
      Total |     231 |     638 |  73.4 |      67 |       8 |  10.7
            +---------+---------+-------+---------+---------+-------
        D:1 |      55 |       0 |   0.0 |      33 |       0 |   0.0
        D:2 |      79 |      35 |  30.7 |      20 |       1 |   4.8
        D:3 |      61 |      77 |  55.8 |       8 |       5 |  38.5
        D:4 |      36 |     526 |  93.6 |       6 |       2 |  25.0
            +---------+---------+-------+---------+---------+-------
